 Dungeon Crawl Stone Soup version 0.30.1-3-gfc49f6343a (webtiles) character file.

Game seed: 1358572884537142361

10464 spardeous the Geomancer (level 11, -13/86 HPs)
             Began as a Demigod Earth Elementalist on July 19, 2023.
             Mangled by a boulder beetle (34 damage)
             ... on level 11 of the Dungeon.
             The game lasted 00:33:24 (12662 turns).

spardeous the Geomancer (DgEE)                     Turns: 12662, Time: 00:33:25

Health: -13/86     AC: 12    Str:  9    XL:     11   Next: 14%
Magic:  25/27      EV: 11    Int: 29    God:
Gold:   466        SH:  0    Dex: 14    Spells: 14/26 levels left

rFire   . . .        J - +1 rapier (speed)
rCold   . . .        (no shield)
rNeg    + . .        K - +1 leather armour {Will+}
rPois   .            o - +0 helmet
rElec   .            R - +0 cloak {rCorr}
rCorr   +            V - +2 pair of gloves
SInv    .            c - +0 pair of boots
Will    +++..        I - amulet of magic regeneration
Stlth   ++           H - ring of positive energy
HPRegen 0.34/turn    N - ring of willpower
MPRegen 0.60/turn

%: no passive effects
@: no status effects
A: high MP 1, forlorn, divine attributes
a: no special abilities


You were on level 11 of the Dungeon.
You visited 1 branch of the dungeon, and saw 11 of its levels.
You also visited: Ossuary.

You collected 687 gold pieces.
You spent 221 gold pieces at shops.

Inventory:

Hand Weapons
 J - a +1 rapier of speed (weapon)
Missiles
 T - 3 throwing nets
Armour
 c - a +0 pair of boots (worn)
 l - a scarf of invisibility
 o - a +0 helmet (worn)
 y - the +1 pair of boots of the Battered Knives {Harm rCorr Str+3}
   (You found it on level 9 of the Dungeon)

   Str:       It affects your strength (+3).
   rCorr:     It protects you from acid and corrosion.
   Harm:      It increases damage dealt and taken.
 B - a +3 leather armour
 G - a +2 robe
 K - a +1 leather armour of willpower (worn)
 O - a +2 leather armour of cold resistance
 R - a +0 cloak of preservation (worn)
 S - a +0 buckler
 V - a +2 pair of gloves (worn)
Jewellery
 v - an amulet of the acrobat
 H - a ring of positive energy (left hand)
 I - an amulet of magic regeneration (around neck)
 N - a ring of willpower (right hand)
 W - an amulet of regeneration
Wands
 r - a wand of roots (28)
 x - a wand of acid (2)
 Q - a wand of flame (7)
Scrolls
 a - 2 scrolls of fear
 f - 3 scrolls of amnesia {unknown}
 i - 4 scrolls of noise
 j - 5 scrolls of blinking {unknown}
 n - 4 scrolls of magic mapping
 p - 3 scrolls of poison {unknown}
 q - 2 scrolls of brand weapon
 t - 3 scrolls of teleportation
 u - 3 scrolls of enchant armour
 w - a scroll of enchant weapon
 A - 2 scrolls of vulnerability
 L - 2 scrolls of fog
Potions
 b - 3 potions of magic
 d - 2 potions of haste
 e - a potion of cancellation
 g - 2 potions of resistance
 h - 4 potions of attraction
 k - a potion of heal wounds
 m - 3 potions of berserk rage
 s - 2 potions of ambrosia
 z - 2 potions of lignification
 C - 3 potions of brilliance
 D - 2 potions of flight
 E - 4 potions of degeneration
 F - 3 potions of mutation
 M - a potion of might
 P - 5 potions of curing
 U - 2 potions of invisibility {unknown}


   Skills:
 - Level 5.0 Fighting
 - Level 6.4 Armour
 - Level 1.7 Dodging
 - Level 1.7 Stealth
 + Level 8.1 Spellcasting
 - Level 7.2 Conjurations
 - Level 4.1 Transmutations
 - Level 8.1 Earth Magic


You had 14 spell levels left.
You knew the following spells:

 Your Spells              Type           Power      Damage    Failure   Level
a - Sandblast             Erth           100%       2d20      1%          1
b - Stone Arrow           Conj/Erth      100%       3d13      1%          3
c - Petrify               Tmut/Erth      47%        N/A       4%          4
d - Leda's Liquefaction   Hex/Erth       17%        N/A       11%         4

Your spell library contained the following spells:

 Spells                   Type           Power      Damage    Failure   Level
 Foxfire                  Conj/Fire      100%       2x1d9     1%          1
 Momentum Strike          Conj/Tloc      66%        3d9       1%          2
 Passwall                 Tmut/Erth      39%        N/A       1%          2
 Apportation              Tloc           22%        N/A       6%          1
 Necrotise                Necr           44%        1d6       6%          1
 Summon Small Mammal      Summ           44%        N/A       6%          1
 Spider Form              Tmut/Pois      23%        N/A       8%          3
 Blink                    Tloc           22%        N/A       9%          2
 Ensorcelled Hibernation  Hex/Ice        22%        N/A       9%          2
 Lesser Beckoning         Tloc           22%        N/A       9%          2
 Call Canine Familiar     Summ           11%        N/A       19%         3
 Gell's Gravitas          Tloc           11%        N/A       19%         3
 Portal Projectile        Hex/Tloc       22%        N/A       19%         3
 Summon Guardian Golem    Hex/Summ       11%        N/A       19%         3
 Teleport Other           Tloc           11%        N/A       19%         3
 Tukima's Dance           Hex            11%        N/A       19%         3
 Blade Hands              Tmut           17%        N/A       30%         5
 Fireball                 Conj/Fire      16%        3d8       36%         5
 Anguish                  Hex/Necr       5%         N/A       52%         4
 Cause Fear               Hex            5%         N/A       52%         4
 Starburst                Conj/Fire      16%        6d6       90%         6
 Orb of Destruction       Conj           26%        9d9       94%         7
 Plasma Beam              Fire/Air       5%         2x1d17    100%        6
 Enfeeble                 Hex            5%         N/A       100%        7
 Spellforged Servitor     Conj/Summ      16%        N/A       100%        7


Dungeon Overview and Level Annotations

Branches:
Dungeon (11/15)            Temple (0/1) D:5            Lair (0/5) D:9
    Orc (0/2) D:10        Ossuary (visited)

Shops:
D:6 !


Innate Abilities, Weirdness & Mutations

You have an increased reservoir of magic. (+10% MP)
You shall have no god before yourself.
Your divine heritage dramatically boosts your attributes as you level up.


Message History

Something hits you!
Deactivating autopickup; reactivate with Ctrl-A.
The boulder beetle stops moving altogether!
Something hits you but does no damage. Something hits you but does no damage.
Something hits you. Something completely misses you.
Something hits you but does no damage.
Casting: Petrify (dangerous; 4% risk of failure)
Confirm with . or Enter, or press ? or * to list all spells.
You can't see any susceptible monsters within range! (Use Z to cast anyway.) Unknown command.
You miss something. Something completely misses you.
Unknown command.
You closely miss something. Something hits you but does no damage.
Something hits you!
You hit something. Something hits you. Something hits you but does no damage.
The boulder beetle is no longer petrified.
Something hits you but does no damage.
You closely miss something. Something hits you but does no damage.
Something hits you. Something hits you but does no damage.
Casting: Petrify (dangerous; 4% risk of failure)
Confirm with . or Enter, or press ? or * to list all spells.
Aiming: Petrify (dangerous; 4% risk of failure)
Press: ? - help, Shift-Dir - straight line, f/p - boulder beetle
Aim: a boulder beetle (chance to affect: 52%)
The boulder beetle is moving more slowly.
Something hits you but does no damage. Something hits you.
Unknown command.
Something hits you.
* * * LOW HITPOINT WARNING * * *
The boulder beetle curls into a ball and begins rolling!
Okay, then.
Something hits you.
* * * LOW HITPOINT WARNING * * *
Something completely misses you. Something hits you but does no damage.
The boulder beetle attacks as you move away!
The boulder beetle hits you!!
You die...

######## # #.#B...# ###.#....#
. ..#......# . #.##.....#####
.# #.##.........### (#
#.##..#.####...##### #.##
#.#...#..#####..@B°####...#
#......#...........°.....# .
....#..#..########..##..##..8
##...........# ####..!....._.+
#...........# #.......###..8#
##......o....# #.####..# ..#
#..#.........###.####>.#######
#.##...#.######..#)..........#
.....###........#.)##......#.#


You could see a boulder beetle (rolling, petrifying).

Vanquished Creatures
  Harold (D:9)
  Pikel (D:5)
  A cyclops (D:7)
  Maurice (D:8)
  Joseph (D:7)
  2 gargoyles
  A troll (D:9)
  A vampire (D:9)
  A wyvern (D:9)
  10 yaks (D:9)
  Grum (D:11)
  Eustachio (D:6)
  Edmund (D:6)
  A warg (D:10)
  A water moccasin (D:7)
  2 black bears
  5 orc warriors
  2 ice beasts
  An ogre (D:7)
  6 wolves
  5 centaurs
  A lemure (D:6)
  2 phantoms (D:5)
  2 kobold brigands
  5 bullfrogs
  2 gnoll sergeants (D:8)
  A scorpion (D:4)
  2 elf skeletons (D:7)
  13 wights
  11 killer bees
  2 electric eels (D:9)
  2 howler monkeys (D:9)
  A human zombie (D:7)
  3 jellies (D:2)
  4 orc priests
  3 hounds (D:9)
  2 gnoll boudas
  A sleepcap (D:4)
  Ijyb (D:4)
  Jessica (D:2)
  3 iguanas
  4 orc wizards (D:10)
  13 mummies (Ossuary)
  4 adders
  26 gnolls
  3 shadow imps
  2 white imps
  4 ufetubi
  2 worms
  37 orcs
  14 endoplasms
  A giant cockroach (D:2)
  9 goblins
  6 hobgoblins
  3 quokkas
  5 ball pythons
  5 bats
  5 frilled lizards
  3 gnoll skeletons (Ossuary)
  2 goblin skeletons (Ossuary)
  22 kobolds
  A kobold skeleton (Ossuary)
  3 orc skeletons
  2 orc zombies (D:7)
  6 rats
  11 rat skeletons (Ossuary)
301 creatures vanquished.

Notes
Turn   | Place    | Note
-------+----------+-------------------------------------------
     0 | D:1      | spardeous the Demigod Earth Elementalist began the quest
                  | for the Orb.
     0 | D:1      | Reached XP level 1. HP: 14/14 MP: 5/5
   225 | D:1      | Reached XP level 2. HP: 20/20 MP: 4/7
  1224 | D:2      | Reached XP level 3. HP: 26/26 MP: 6/8
  1685 | D:2      | Reached XP level 4. HP: 20/33 MP: 3/9
  1806 | D:2      | Reached skill level 5 in Earth Magic
  2055 | D:2      | Learned a level 3 spell: Stone Arrow
  2101 | D:2      | Noticed Jessica
  2102 | D:2      | Killed Jessica
  2103 | D:2      | Reached skill level 1 in Fighting
  2103 | D:2      | Reached XP level 5. HP: 37/40 MP: 8/11
  2953 | D:4      | Noticed Ijyb
  2961 | D:4      | Killed Ijyb
  2962 | D:4      | Reached skill level 1 in Conjurations
  3064 | D:4      | HP: 2/41 [gnoll bouda/+0 whip (12)]
  3423 | D:4      | Reached XP level 6. HP: 42/48 MP: 2/13
  4324 | D:5      | Entered Level 5 of the Dungeon
  4501 | D:4      | Reached XP level 7. HP: 41/57 MP: 0/15
  5074 | D:5      | Found a staircase to the Ecumenical Temple.
  5703 | D:6      | Found Bycvee Puaw's Distillery.
  5750 | D:6      | Bought a potion of brilliance for 52 gold pieces
  5750 | D:6      | Bought a potion of flight for 39 gold pieces
  5750 | D:6      | Bought 2 potions of degeneration for 26 gold pieces
  5750 | D:6      | Bought a potion of mutation for 104 gold pieces
  5758 | D:6      | Noticed Pikel
  5782 | D:5      | Killed Pikel
  5783 | D:5      | Reached XP level 8. HP: 19/67 MP: 1/17
  6240 | D:6      | Reached skill level 5 in Fighting
  6345 | D:6      | Noticed Edmund
  6359 | D:6      | Killed Edmund
  6360 | D:6      | Reached skill level 5 in Conjurations
  6585 | D:6      | Noticed Eustachio
  6602 | D:6      | Killed Eustachio
  6773 | D:6      | Reached skill level 5 in Armour
  6963 | D:7      | Found a sand-covered staircase.
  6969 | D:7      | Noticed Joseph
  6981 | D:7      | Killed Joseph
  6982 | D:7      | Reached XP level 9. HP: 21/74 MP: 1/18
  7149 | Ossuary  | Entered an ossuary
  8009 | D:7      | Noticed a cyclops
  8016 | D:7      | Learned a level 4 spell: Petrify
  8021 | D:7      | Learned a level 4 spell: Leda's Liquefaction
  8205 | D:7      | Reached skill level 1 in Transmutations
  8276 | D:7      | Killed a cyclops
  8901 | D:8      | Noticed Maurice
  9022 | D:8      | Killed Maurice
  9023 | D:8      | Reached XP level 10. HP: 81/81 MP: 15/19
  9958 | D:9      | Identified the +1 pair of boots of the Battered Knives
                  | {Harm rCorr Str+3}
 10187 | D:9      | Found a staircase to the Lair.
 10231 | D:9      | Reached skill level 5 in Spellcasting
 10414 | D:9      | Noticed Harold
 10426 | D:9      | Killed Harold
 11278 | D:10     | Entered Level 10 of the Dungeon
 11375 | D:10     | Found a staircase to the Orcish Mines.
 11394 | D:10     | Reached XP level 11. HP: 86/86 MP: 24/26
 11406 | D:10     | Identified the +3 sling "Xifu Juo" {drain, Fragile Str+2
                  | Int+2 Stlth+}
 12284 | D:11     | Noticed Grum
 12296 | D:11     | Killed Grum
 12338 | D:11     | Noticed a boulder beetle
 12440 | D:11     | Noticed a boulder beetle
 12500 | D:11     | HP: 4/86 [boulder beetle (46)]
 12662 | D:11     | Mangled by a boulder beetle

Illustrated notes

Levels and vault maps discovered:
D:1:      saegor_arrival_simple_b, layout_basic
D:2:      cheibrodos_fertilizer, layout_basic,
          ebering_ecumenical_altar_abandoned, basic_altar, kennysheep_potato,
          uniq_jessica
D:3:      layout_loops_cross
D:4:      layout_rooms, uniq_ijyb
D:5:      layout_gridville, minmay_temple_entry_offerings
D:6:      layout_basic, serial_shops, nicolae_shop_peninsula, uniq_pikel,
          uniq_eustachio, uniq_edmund
D:7:      layout_rooms, mainiacjoe_overflow_two_lobes,
          nicolae_ossuary_entry_catacombs, chequers_serial_rivers_room_a,
          eino_tiny_chamber, uniq_joseph
D:8:      layout_basic, uniq_maurice
D:9:      layout_basic, nicolae_uskayaw_dance_studio, erik_lair_island,
          serial_corexii_hall, corexii_hall_statues_deadend,
          corexii_hall_statues_i, corexii_hall_statues_i,
          corexii_hall_statues_l, minivault_5, uniq_harold
D:10:     layout_roguey, erik_orc_4, grunt_decor_resistance
D:11:     layout_rooms, portal_ice_cave_entry_imps, chequers_avenue,
          led_sif_book, uniq_grum

Skill      XL: |  1  2  3  4  5  6  7  8  9 10 11 |
---------------+----------------------------------+-----
Earth Magic    | 3 4 5 7 8 |  8.1
Spellcasting   | 2 3 4 7 8 |  8.1
Fighting       | 1 2 3 4 5 |  5.0
Conjurations   | 1 2 4 5 7 |  7.2
Armour         | 2 6 |  6.4
Transmutations | 4 |  4.1
Dodging        | |  1.7
Stealth        | |  1.7

Action                     |  1- 3 |  4- 6 |  7- 9 | 10-12 || total
---------------------------+-------+-------+-------+-------++-------
  Melee: Dagger            |       |    25 |    17 |       ||    42
         Punch             |       |     1 |     2 |       ||     3
         Rapier            |       |       |       |    20 ||    20
   Cast: Sandblast         |    65 |    67 |    70 |    52 ||   254
         Stone Arrow       |       |    26 |   143 |   127 ||   296
         Petrify           |       |       |       |    16 ||    16
  Evoke: Wand              |       |       |       |    10 ||    10
    Use: Scroll            |       |     3 |       |    12 ||    15
         Potion            |       |     3 |       |       ||     3
   Stab: Petrified         |       |       |       |    12 ||    12
 Armour: Robe              |     2 |       |       |       ||     2
         Leather armour    |    13 |    15 |    21 |    36 ||    85
         Skin              |       |    18 |       |       ||    18
  Dodge: Dodged            |    15 |    63 |    39 |    48 ||   165
